AoeStats
← 93老玩家回归

African Clearing

510356616Analyzed
4v4 RM · 1d ago on Sep 30, 2026· 58m 16s· 8 players
Game mode
Random Map
Map size
Large (8 player)
Population
200
Speed
Normal
Resources
Standard
Victory
Conquest
Starting age
Dark Age
Ending age
Imperial Age
RankedLock teamsTeams togetherTeam positionsShared explorationLock speedFull tech treeHidden civsTurbo modeCheats
Victory
Defeat
🇨🇳 Maya · China
1658
+7
🇨🇳 Bulgarians · China
1533
+11
🇨🇳 Spanish · China
1486
+13
🇨🇳 Wei · China
1260
+21
🇹🇷 Poles · Türkiye
1447
-14
🇷🇺 Saracens · Russia
1437
-14
🇨🇦 Bengalis · Canada
1390
-12
🇫🇷 Cumans · France
1390
-12
GOAT Gobz
4:52 Loom
13:13 Feudal Age
14:24 Double-Bit Axe
17:07 Castle Age
17:55 Wheelbarrow
19:28 Bow Saw
22:02 Town Watch
22:15 Horse Collar
24:03 Heavy Plow
24:24 Hand Cart
25:28 Fletching
26:07 Bodkin Arrow
36:32 Imperial Age
34:23 Padded Archer Armor
34:29 Gold Mining
34:30 Stone Mining
35:21 Masonry
36:21 Gold Shaft Mining
36:04 Leather Archer Armor
35:55 Scale Barding Armor
35:51 Scale Mail Armor
36:02 Forging
36:24 Ballistics
36:09 Guard Tower
36:17 Murder Holes
36:58 Bloodlines
36:49 Husbandry
37:14 Bracer
37:45 Ring Archer Armor
38:24 Chemistry
38:01 Paiks
38:17 Conscription
38:35 Architecture
37:35 Pikeman
39:03 Elite Elephant Archer
41:59 Mahayana
46:21 Light Cavalry
47:04 Arrowslits
53:02 Keep
54:40 Scale Barding Armor
55:33 Guilds
Anatoly
4:55 Loom
13:31 Feudal Age
18:08 Castle Age
16:18 Double-Bit Axe
16:27 Horse Collar
19:26 Bow Saw
19:20 Heavy Plow
20:39 Fervor
27:50 Wheelbarrow
29:38 Hand Cart
30:26 Scale Barding Armor
30:28 Husbandry
30:54 Town Watch
32:09 Chain Barding Armor
32:52 Bloodlines
32:58 Szlachta Privileges
34:49 Town Patrol
36:20 Forging
40:22 Imperial Age
40:28 Cavalier
41:45 Iron Casting
44:17 Blast Furnace
43:12 Pikeman
43:53 Squires
57:12 Elite Skirmisher
JOK3R_LSR
6:46 Loom
13:39 Feudal Age
14:34 Double-Bit Axe
17:47 Castle Age
15:58 Double-Bit Axe
20:06 Bow Saw
22:48 Horse Collar
28:35 Heavy Plow
34:40 Wheelbarrow
35:00 Bloodlines
38:25 Scale Barding Armor
39:48 Hand Cart
42:33 Imperial Age
40:33 Gold Mining
42:05 Chain Barding Armor
43:19 Forging
43:01 Cavalier
44:52 Gold Shaft Mining
45:47 Iron Casting
50:07 Blast Furnace
49:05 Light Cavalry
49:48 Paladin
50:33 Fletching
51:19 Plate Barding Armor
51:39 Bodkin Arrow
52:23 Crop Rotation
51:47 Stone Mining
51:36 Hussar
JustHaveFun()
8:30 Loom
14:41 Feudal Age
15:51 Double-Bit Axe
18:24 Castle Age
16:27 Gold Mining
23:37 Horse Collar
31:23 Imperial Age
30:51 Stone Mining
32:30 Scale Barding Armor
35:13 Chain Barding Armor
37:56 Plate Barding Armor
39:16 Elite Mameluke
46:49 Forging
47:23 Bloodlines
47:20 Husbandry
送你一个极瘪
9:55 Loom
12:40 Feudal Age
14:38 Scale Barding Armor
15:09 Forging
21:29 Castle Age
19:56 Double-Bit Axe
22:49 Bow Saw
22:32 Light Cavalry
23:14 Husbandry
23:25 Bloodlines
29:14 Wheelbarrow
29:06 Horse Collar
31:06 Gold Mining
32:02 Heavy Plow
37:43 Imperial Age
35:54 Chain Barding Armor
35:41 Stone Mining
37:17 Iron Casting
38:25 Hand Cart
37:46 Heavy Hei Guang Cavalry
37:53 Hussar
39:36 Blast Furnace
39:10 Conscription
42:25 Crop Rotation
45:55 Pikeman
46:36 Squires
46:21 Arson
46:40 Scale Mail Armor
47:02 Elite Skirmisher
47:54 Fletching
48:21 Bodkin Arrow
49:18 Bracer
49:18 Halberdier
51:19 Ballistics
51:59 Chemistry
51:50 Chain Mail Armor
51:36 Padded Archer Armor
52:32 Thumb Ring
54:15 Leather Archer Armor
54:07 Capped Ram
56:45 Siege Ram
93老玩家回归
12:43 Feudal Age
13:23 Double-Bit Axe
15:23 Loom
18:33 Castle Age
16:51 Fishing Lines
22:54 Wheelbarrow
24:33 Bow Saw
27:38 Gold Mining
27:44 Horse Collar
29:17 Stone Mining
33:24 Imperial Age
32:14 Hand Cart
31:45 Town Watch
32:05 Padded Archer Armor
31:55 Fletching
32:09 Heavy Plow
32:58 Leather Archer Armor
33:38 Stone Shaft Mining
33:23 Bloodlines
33:18 Husbandry
33:57 Murder Holes
34:35 Conscription
34:17 Elite Conquistador
35:21 Supremacy
38:39 Ring Archer Armor
38:04 Bodkin Arrow
39:45 Chemistry
40:28 Ballistics
40:48 Bracer
42:38 Thumb Ring
41:54 Elite Skirmisher
55:25 Coinage
57:17 Banking
唐火火
5:05 Loom
13:21 Feudal Age
17:29 Castle Age
15:30 Double-Bit Axe
16:49 Wheelbarrow
17:10 Stone Mining
17:11 Gold Mining
17:04 Horse Collar
19:54 Bow Saw
28:44 Hand Cart
29:18 Stone Shaft Mining
29:10 Heavy Plow
35:42 Imperial Age
33:40 Bloodlines
33:35 Husbandry
34:27 Scale Barding Armor
34:33 Forging
36:19 Chain Barding Armor
36:34 Iron Casting
37:11 Conscription
38:20 Plate Barding Armor
37:37 Fletching
38:12 Elite Konnik
40:56 Blast Furnace
39:52 Bodkin Arrow
39:54 Town Watch
40:48 Gold Shaft Mining
40:49 Crop Rotation
41:59 Scale Mail Armor
42:32 Bracer
44:20 Chain Mail Armor
44:37 Ballistics
45:17 Chemistry
45:47 Plate Mail Armor
45:40 Light Cavalry
47:15 Hussar
58:07 Conscription
57:45 Stirrups
58:15 Conscription
58:00 Bagains
Daily
3:29 Loom
15:01 Feudal Age
15:38 Double-Bit Axe
16:12 Horse Collar
18:57 Castle Age
17:28 Gold Mining
17:30 Fletching
18:37 Padded Archer Armor
19:39 Bodkin Arrow
25:27 Ballistics
29:17 Wheelbarrow
32:23 Imperial Age
31:10 Bow Saw
31:00 Heavy Plow
34:07 Chemistry
33:09 Bracer
36:21 Elite Plumed Archer
37:40 Leather Archer Armor
47:09 Ring Archer Armor
48:58 Murder Holes
49:22 Hand Cart
48:53 Town Watch
48:47 Capped Ram
50:11 Masonry
52:45 Town Watch
53:11 Forging
53:02 Scale Mail Armor
54:03 Two-Man Saw
53:34 Crop Rotation
52:55 Stone Mining
54:29 Chain Mail Armor
54:50 Holcans
57:02 Plate Mail Armor
57:07 Iron Casting
Connection lost

Rejoining the realm…

Still unreachable

The connection could not be restored.

Session expired

The server has moved on; the page needs a fresh start.